 Dungeon Crawl Stone Soup version 0.28.0-53-g5a82cb258f (console) character file.

Game seed: 14895742334317158534

18361 erker the Geomancer (level 12, -10/74 HPs)
             Began as an Octopode Earth Elementalist on July 4, 2022.
             Was a High Priest of Cheibriados.
             Mangled by a catoblepas (22 damage)
             ... on level 4 of the Lair of Beasts on July 5, 2022.
             The game lasted 01:04:01 (13763 turns).

erker the Geomancer (Octopode Earth Elementalist)  Turns: 13763, Time: 01:04:02

Health: -10/74     AC:  5    Str: 25    XL:     12   Next: 57%
Magic:  17/21      EV: 18    Int: 34    God:    Cheibriados [*****.]
Gold:   539        SH:  5    Dex: 24    Spells: 9/23 levels left

rFire   . . .      SeeInvis .   a - +0 dagger (drain)
rCold   + . .      Faith    .   H - orb {guile}
rNeg    . . .      Spirit   .   J - +0 hat {Will+}
rPois   .          Reflect  +   l - amulet of reflection
rElec   .          Harm     .   n - ring of protection from cold
rCorr   .          Rampage  .   j - +4 ring of protection
Will    .....                   M - +6 ring of strength
Stlth   +++++.....              (no ring)
HPRegen 0.22/turn               (no ring)
MPRegen 0.17/turn               (no ring)
                                (no ring)
                                (no ring)

@: very slow
A: almost no armour, amphibious, 8 rings, camouflage 1, gelatinous body 1,
(nimble swimmer 1), tentacles, clever 1, strong-willed 1
a: Renounce Religion, Bend Time, Temporal Distortion, Slouch, Step From Time


You were on level 4 of the Lair of Beasts.
You worshipped Cheibriados.
Cheibriados was extremely pleased with you.
You visited 3 branches of the dungeon, and saw 13 of its levels.

You collected 565 gold pieces.
You spent 26 gold pieces at shops.

Inventory:

Hand Weapons
 a - a +0 dagger of draining (weapon)
 q - the +8 long sword "Saih" {drain, Drain rC+++ Dex+5}
   (You found it on level 2 of the Lair of Beasts)

   A truly terrible weapon, it drains the life of any living foe it strikes.
   Dex:       It affects your dexterity (+5).
   rC:        It renders you almost immune to cold.
   Drain:     It drains your maximum health when unequipped.
Missiles
 b - 368 stones
 c - a throwing net
 C - 9 poisoned darts
Armour
 H - an orb of guile (worn)
 J - a +0 hat of willpower (worn)
Jewellery
 j - a +4 ring of protection (right tentacle)
 l - an amulet of reflection (around mantle)
 n - a ring of protection from cold (left tentacle)
 p - an amulet of regeneration
 M - a +6 ring of strength (on tentacle)
Wands
 u - a wand of iceblast (15) (quivered)
 E - a wand of polymorph (12)
 F - a wand of acid (4)
 I - a wand of flame (6)
 O - a wand of digging (22)
Scrolls
 d - 2 scrolls of fog
 h - 3 scrolls of magic mapping
 k - 3 scrolls of amnesia {unknown}
 m - a scroll of holy word {unknown}
 o - a scroll of acquirement {unknown}
 r - a scroll of silence {unknown}
 t - 3 scrolls of brand weapon
 v - 2 scrolls of torment {unknown}
 w - a scroll of enchant weapon {unknown}
 y - a scroll of vulnerability {unknown}
 B - 2 scrolls of blinking {unknown}
 G - 2 scrolls of immolation {unknown}
 K - a scroll of teleportation {unknown}
Potions
 e - 5 potions of attraction
 f - 2 potions of degeneration
 g - a potion of flight
 i - 5 potions of brilliance
 s - a potion of haste
 x - a potion of ambrosia {unknown}
 z - 2 potions of heal wounds {unknown}
 A - a potion of curing
 D - 3 potions of mutation
 L - 2 potions of resistance {unknown}
 N - a potion of magic


   Skills:
 - Level 4.0 Fighting
 - Level 6.0 Short Blades
 - Level 6.0 Dodging
 + Level 7.3 Stealth
 - Level 6.0 Spellcasting
 - Level 4.0 Hexes
 - Level 4.0 Necromancy
 - Level 10.0 Transmutations
 - Level 6.0 Ice Magic
 - Level 10.0 Earth Magic
 - Level 4.0 Invocations


You had 9 spell levels left.
You knew the following spells:

 Your Spells              Type           Power      Damage    Failure   Level
a - Sandblast             Erth           100%       2d20      1%          1
p - Petrify               Tmut/Erth      67%        N/A       1%          4
v - Borgnjor's Vile Clut  Necr/Erth      27%        N/A       6%          5
w - Passwall              Tmut/Erth      55%        N/A       1%          2
z - Ensorcelled Hibernat  Hex/Ice        88%        N/A       1%          2

Your spell library contained the following spells:

 Spells                   Type           Power      Damage    Failure   Level
 Stone Arrow              Conj/Erth      88%        3d12      1%          3
 Confusing Touch          Hex            37%        N/A       2%          3
 Static Discharge         Conj/Air       10%        N/A       6%          2
 Yara's Violent Unravell  Hex/Tmut       27%        3d12      6%          5
 Animate Dead             Necr           18%        N/A       8%          4
 Dispel Undead            Necr           37%        3d15      8%          4
 Swiftness                Air            10%        N/A       12%         3
 Alistair's Intoxication  Tmut/Pois      29%        N/A       14%         5
 Sticky Flame             Conj/Fire      10%        2d3       36%         4
 Eringya's Noxious Bog    Tmut/Pois      22%        N/A       61%         6
 Death Channel            Necr           18%        N/A       75%         6
 Enfeeble                 Hex            18%        N/A       100%        7


Dungeon Overview and Level Annotations

Branches:
Dungeon (8/15)             Temple (1/1) D:6            Lair (4/6) D:8
  Swamp (0/4) Lair:3        Snake (0/4) Lair:3

Altars:
Ashenzari
Cheibriados
Dithmenos
Elyvilon
Fedhas
Nemelex Xobeh
Okawaru
Ru
Sif Muna
Trog
Uskayaw
Vehumet
Wu Jian
Xom
Zin

Shops:
D:3 ?

Annotations:
D:6 1 runed translucent door, Manslay's ghost, novice OpCj


Innate Abilities, Weirdness & Mutations

You cannot wear most types of armour.
You are amphibious.
You can wear up to eight rings at the same time.
Your skin changes colour to match your surroundings (Stealth+).
Your rubbery body absorbs attacks. (AC +1, EV +1)
((You are camouflaged when in or above water. (Stealth+)))
You have tentacles for arms and can constrict up to eight enemies at once.
Your mind is acute. (Int +2)
You are strong-willed. (Will+)


Message History

Unknown command.
Unknown command.
Unknown command.
Casting: Ensorcelled Hibernation (safe; 1% risk of failure)
Confirm with . or Enter, or press ? or * to list all spells.
Aiming: Borgnjor's Vile Clutch (dangerous; 6% risk of failure)
Press: ? - help, Shift-Dir - straight line, f/p - catoblepas
Aim: a catoblepas (calcifying dust, 100% to hit)
Zombie hands grab the catoblepas.
The zombie hands constrict the catoblepas.
The catoblepas gores you!!
The zombie hands constrict the catoblepas!
The catoblepas struggles to escape constriction.
The catoblepas breathes a plume of calcifying dust at you.
The blast of calcifying dust hits you.
The zombie hands constrict the catoblepas.
The catoblepas struggles to escape constriction.
The catoblepas escapes!
Casting: Borgnjor's Vile Clutch (dangerous; 6% risk of failure)
Confirm with . or Enter, or press ? or * to list all spells.
Okay, then.
Unknown command.
Unknown command.
The catoblepas breathes a plume of calcifying dust at you.
The blast of calcifying dust hits you. The catoblepas gores you!!
* * * LOW HITPOINT WARNING * * *
Okay, then.
Unknown command.
Unknown command.
Unknown command.
Unknown command.
Unknown command.
Unknown command.
Unknown command.
Unknown command.
Unknown command.
Unknown command.
You fail to use your ability.
The catoblepas gores you!!
You die...

....##.........#
.....#.........# .
........#.###.#####... #...
... #.......... . #..## ..#
###..P.##... ...# ## #...#
#.# #.....## .....#.##.†##
#.###......#
.......<...P###.#Y.....###
..##..†....##...@#.........
#.......##..............#
#.####...#.#..#..........
#.. #(.#..###..........#
... #.....# ##....P.#.##
... ####### ##..###### #P#
##P# ##


You could see a catoblepas.

Vanquished Creatures
  Gastronok (Lair:2)
  A hydra (Lair:3)
  A two-headed ogre (D:8)
  Pikel (D:5)
  4 black mambas (Lair:3)
  Joseph (D:8)
  3 cane toads
  2 komodo dragons
  A hornet (D:7)
  20 blink frogs (Lair:2)
  A dream sheep (Lair:2)
  2 spriggans (Lair:2)
  Sigmund (D:4)
  3 wyverns (Lair:2)
  15 yaks
  Edmund (D:5)
  16 water moccasins
  Duvessa (D:6)
  2 ice beasts
  3 black bears
  A sky beast (D:5)
  An ogre (D:4)
  12 wolves (Lair:2)
  2 centaurs
  Blork the orc (D:5)
  A scorpion (D:5)
  14 bullfrogs
  A wyvern zombie (D:7)
  Dowan (D:6)
  3 bullfrog zombies
  3 hounds
  4 orc priests
  2 jellies
  2 iguanas
  7 orc wizards
  A scorpion zombie (D:5)
  Terence (D:3)
  A howler monkey zombie (D:8)
  7 adders
  A shadow imp (D:5)
  A white imp (D:7)
  2 adder skeletons (D:4)
  4 worms
  2 dart slugs
  15 orcs
  8 endoplasms
  8 giant cockroaches
  8 goblins
  12 hobgoblins
  3 quokkas
  13 ball pythons
  A bat (D:2)
  5 frilled lizards
  2 kobolds
  4 rats (D:1)
234 creatures vanquished.

Vanquished Creatures (others)
  15 fungi
  62 plants
77 creatures vanquished.

Grand Total: 311 creatures vanquished

Notes
Turn   | Place    | Note
-------+----------+-------------------------------------------
     0 | D:1      | erker the Octopode Earth Elementalist began the quest for
                  | the Orb.
     0 | D:1      | Reached XP level 1. HP: 11/11 MP: 3/3
    39 | D:1      | Found a faded altar of an unknown god.
   216 | D:1      | Reached XP level 2. HP: 5/17 MP: 3/5
   648 | D:1      | Learned a level 2 spell: Passwall
   970 | D:1      | Reached XP level 3. HP: 21/21 MP: 6/6
  1548 | D:2      | Reached skill level 1 in Short Blades
  1640 | D:2      | Reached XP level 4. HP: 27/27 MP: 7/7
  1699 | D:2      | Found a sacrificial altar of Ru.
  2428 | D:2      | Learned a level 4 spell: Petrify
  2513 | D:3      | Reached XP level 5. HP: 21/31 MP: 3/8
  2622 | D:3      | Noticed an orc warrior
  2760 | D:3      | Found Haweth's Magic Scroll Boutique.
  2764 | D:3      | Bought a scroll of identify for 26 gold pieces
  2814 | D:3      | Noticed Terence
  3009 | D:3      | Killed Terence
  3207 | D:4      | Noticed Sigmund
  3212 | D:4      | Reached XP level 6. HP: 35/36 MP: 9/9
  3248 | D:4      | Found a broken altar of Ashenzari.
  3894 | D:4      | Found a hide-covered altar of Uskayaw.
  4164 | D:4      | Reached skill level 5 in Transmutations
  4178 | D:4      | Found a shimmering blue altar of Sif Muna.
  4222 | D:5      | Entered Level 5 of the Dungeon
  4427 | D:5      | Noticed Blork the orc
  4434 | D:5      | Killed Blork the orc
  4435 | D:5      | Reached XP level 7. HP: 18/41 MP: 5/10
  4850 | D:5      | Noticed Pikel
  4909 | D:5      | Killed Pikel
  4910 | D:5      | Reached XP level 8. HP: 37/46 MP: 3/11
  5432 | D:5      | Noticed Edmund
  5467 | D:5      | Killed Edmund
  5626 | D:6      | Found a shadowy altar of Dithmenos.
  5782 | D:6      | Noticed Dowan
  5832 | D:6      | Killed Dowan
  5940 | D:6      | Found a staircase to the Ecumenical Temple.
  5957 | Temple   | Entered the Ecumenical Temple
  6183 | Temple   | Became a worshipper of Cheibriados the Contemplative
  6272 | D:4      | Reached skill level 5 in Stealth
  6354 | D:4      | Found a white marble altar of Elyvilon.
  6423 | D:4      | Killed Sigmund
  6424 | D:4      | Reached XP level 9. HP: 51/51 MP: 11/13
  6862 | D:6      | Noticed Duvessa
  7010 | D:6      | Killed Duvessa
  7086 | D:6      | Found a runed translucent door.
  7094 | D:6      | Noticed Manslay's ghost (novice OpCj)
  7565 | D:7      | Noticed a hornet
  7574 | D:7      | Killed a hornet
  7693 | D:7      | Reached * piety under Cheibriados
  7706 | D:7      | Reached skill level 1 in Fighting
  7894 | D:7      | Found a radiant altar of Vehumet.
  8177 | D:8      | Found a staircase to the Lair.
  8284 | D:8      | Identified the +1 leather armour of the Sparrow {+Inv
                  | Dex+4}
  8671 | D:8      | Noticed a two-headed ogre
  8758 | D:8      | Killed a two-headed ogre
  8759 | D:8      | Reached skill level 5 in Spellcasting
  8759 | D:8      | Reached XP level 10. HP: 16/63 MP: 2/17
  9477 | D:8      | Noticed Joseph
  9487 | D:8      | Killed Joseph
  9706 | Lair:1   | Entered Level 1 of the Lair of Beasts
  9755 | Lair:1   | Learned a level 2 spell: Ensorcelled Hibernation
  9927 | Lair:1   | Reached skill level 1 in Hexes
  9969 | Lair:1   | Reached skill level 1 in Ice Magic
 10078 | Lair:1   | Noticed a cane toad
 10087 | Lair:1   | Killed a cane toad
 10737 | Lair:2   | Noticed a cane toad
 10744 | Lair:2   | Killed a cane toad
 10747 | Lair:2   | Reached ** piety under Cheibriados
 10748 | Lair:2   | Reached skill level 5 in Ice Magic
 10750 | Lair:2   | Reached XP level 11. HP: 15/69 MP: 7/20
 10810 | Lair:2   | Reached skill level 5 in Short Blades
 10967 | Lair:2   | HP: 3/69 [wyvern (6)]
 10974 | Lair:2   | Gained mutation: Your mind is acute. (Int +2) [potion of
                  | mutation]
 10974 | Lair:2   | Gained mutation: You are strong-willed. (Will+) [potion of
                  | mutation]
 11438 | Lair:2   | Reached skill level 5 in Dodging
 11464 | Lair:2   | Reached *** piety under Cheibriados
 11653 | Lair:2   | Identified the +8 long sword "Saih" {drain, Drain rC+++
                  | Dex+5}
 11745 | Lair:2   | Reached skill level 1 in Invocations
 12315 | Lair:2   | Learned a level 5 spell: Borgnjor's Vile Clutch
 12339 | Lair:3   | Noticed Gastronok
 12344 | Lair:3   | Reached skill level 1 in Necromancy
 12359 | Lair:2   | Killed Gastronok
 12360 | Lair:2   | Reached XP level 12. HP: 18/74 MP: 1/21
 12641 | Lair:3   | Noticed a four-headed hydra
 12709 | Lair:3   | Found a staircase to the Swamp.
 12711 | Lair:3   | Killed a four-headed hydra
 12716 | Lair:3   | Reached **** piety under Cheibriados
 12941 | Lair:3   | Found a staircase to the Snake Pit.
 13048 | Lair:3   | Reached skill level 10 in Earth Magic
 13418 | Lair:3   | Reached skill level 10 in Transmutations
 13726 | Lair:4   | Reached ***** piety under Cheibriados
 13748 | Lair:4   | Noticed a catoblepas
 13763 | Lair:4   | Mangled by a catoblepas

Illustrated notes

Levels and vault maps discovered:
D:1:      sevenhm_arrival_forest_fort_small_6, layout_loops_ring,
          shapermc_ecumenical_altar_venn, minmay_tromino_v4_a
D:2:      layout_loops_ring, basic_altar, feat_on_display
D:3:      layout_loops_ring, serial_shops, nicolae_shop_stone,
          kennysheep_potato, uniq_terence
D:4:      layout_rooms, mainiacjoe_overflow_boulevard,
          nicolae_overflow_hidden_temple, nicolae_ashenzari_skybound,
          mainiacjoe_overflow_concentric_impassable, serial_bayou_pond_a,
          uniq_sigmund
D:5:      layout_loops_ring, uniq_edmund, uniq_pikel, uniq_blork_the_orc
D:6:      layout_loops_ring, grunt_dithmenos_smoke,
          minmay_temple_entry_poolview, hellmonk_ghost_happy_afterlife,
          uniq_duvessa
D:7:      layout_rooms, nicolae_overflow_crystal_walls
D:8:      layout_layer_cave, lair_entry_dummy, serial_rivers,
          chequers_serial_rivers_room_a, chequers_serial_rivers_micro_e,
          chequers_serial_rivers_micro_d, chequers_serial_rivers_small_3,
          eino_tiny_chamber, kennysheep_minor_cross, uniq_joseph
Temple:   compressed_dpeg_triangle_lava_temple
Lair:1:   layout_cellular_growth
Lair:2:   wad_woods_tower, layout_regular_city, gauntlet_entry_generic,
          grunt_megastairs_3
Lair:3:   layout_small_grid, swamp_mist_pool, minmay_snake_entry_six_corridors,
          chequers_serial_rivers_small_3, minivault_25, lemuel_fruit_tree,
          uniq_gastronok
Lair:4:   layout_gridlike

Skill      XL: |  1  2  3  4  5  6  7  8  9 10 11 12 |
---------------+-------------------------------------+-----
Stealth        | 3 4 6 7 |  7.3
Earth Magic    | 4 6 7 8 9 10 | 10.0
Short Blades   | 1 2 4 6 |  6.0
Transmutations | 2 4 5 7 8 10 | 10.0
Spellcasting   | 5 6 |  6.0
Fighting       | 4 |  4.0
Dodging        | 4 6 |  6.0
Hexes          | 4 |  4.0
Ice Magic      | 5 6 |  6.0
Invocations    | 4 |  4.0
Necromancy     | 2 4 |  4.0

Action                   |  1- 3 |  4- 6 |  7- 9 | 10-12 || total
-------------------------+-------+-------+-------+-------++-------
Melee: Unarmed           |    20 |       |       |       ||    20
       Tentacles         |    15 |    28 |    28 |     9 ||    80
       Constrict         |    13 |    20 |    21 |     8 ||    62
       Punch             |     3 |       |     2 |     3 ||     8
       Dagger            |    37 |    96 |   103 |   119 ||   355
 Cast: Sandblast         |     6 |    20 |    45 |    25 ||    96
       Passwall          |       |    10 |    13 |    11 ||    34
       Petrify           |       |       |    23 |     4 ||    27
       Ensorcelled Hiber |       |       |       |    92 ||    92
       Borgnjor's Vile C |       |       |       |     1 ||     1
Evoke: Wand              |       |       |     3 |       ||     3
  Use: Scroll            |       |     1 |       |     5 ||     6
       Potion            |       |       |     1 |     6 ||     7
 Stab: Sleeping          |    14 |    22 |    12 |    78 ||   126
       Distracted        |       |     1 |       |       ||     1
       Petrified         |       |       |    37 |     7 ||    44
       Petrifying        |       |       |     1 |     1 ||     2
Armor: Skin              |     2 |     5 |       |    24 ||    31
Dodge: Dodged            |    26 |    36 |    23 |    52 ||   137
Block: Buckler           |     2 |    16 |    28 |     1 ||    47
       Reflection        |       |       |     2 |       ||     2
       Orb               |       |       |       |    19 ||    19
